 Dungeon Crawl Stone Soup version 0.29-a0-876-gfc89b1a5bd (webtiles) character file.

Game seed: 11459432861114914477

81 zishaf the Sneak (level 4, 0/23 HPs)
             Began as a Vine Stalker Brigand on July 19, 2022.
             Slain by an orc wizard
             ... wielding a +0 dagger
              (4 damage)
             ... on level 3 of the Dungeon.
             The game lasted 00:03:13 (2263 turns).

zishaf the Sneak (Vine Stalker Brigand)             Turns: 2263, Time: 00:03:13

Health: 0/23       AC: 11    Str: 14    XL:     4   Next: 40%
Magic:  0/5        EV: 10    Int: 11    God:
Gold:   105        SH:  0    Dex: 17    Spells: 3/3 levels left

rFire   . . .      SeeInvis .   a - +2 dagger
rCold   . . .      Faith    .   (no shield)
rNeg    . . .      Spirit   +   h - +0 ring mail
rPois   .          Reflect  .   (no helmet)
rElec   .          Harm     .   c - +0 cloak
rCorr   .          Rampage  .   k - +0 pair of gloves
Will    .....                   (no boots)
Stlth   +.........              (no amulet)
HPRegen 0.87/turn               q - +4 ring of protection
MPRegen 0.09/turn               (no ring)

@: confused
A: fangs 2, regeneration 1, magic shield, antimagic bite, no potion heal 2
a: no special abilities


You were on level 3 of the Dungeon.
You visited 1 branch of the dungeon, and saw 3 of its levels.

You collected 105 gold pieces.

Inventory:

Hand Weapons
 a - a +2 dagger (weapon)
Missiles
 d - 23 poisoned darts (quivered)
 e - 3 curare-tipped darts
Armour
 b - a +0 robe
 c - a +0 cloak (worn)
 h - a +0 ring mail (worn)
 k - a +0 pair of gloves (worn)
Jewellery
 q - a +4 ring of protection (left hand)
Scrolls
 f - 2 scrolls of fear {unknown}
 g - a scroll of brand weapon {unknown}
 i - 2 scrolls of amnesia {unknown}
 n - a scroll of magic mapping {unknown}
 o - a scroll of noise {unknown}
 p - 2 scrolls of identify {unknown}
 s - a scroll of vulnerability {unknown}
Potions
 j - a potion of invisibility {unknown}
 l - 2 potions of haste {unknown}
 m - a potion of lignification {unknown}
 r - a potion of ambrosia {unknown}
 t - a potion of mutation {unknown}


   Skills:
 + Level 2.5 Fighting
 + Level 2.5 Short Blades
 + Level 2.5 Throwing
 - Level 1.0 Dodging
 + Level 5.4 Stealth


You had 3 spell levels left.
You didn't know any spells.
Your spell library contained the following spells:

 Spells                   Type           Power      Damage    Failure   Level
 Fireball                 Conj/Fire      0%         3d3       100%        5
 Iskenderun's Battlesphe  Conj           0%         2d6       100%        5
 Conjure Ball Lightning   Conj/Air       0%         3x3d6     100%        6
 Orb of Destruction       Conj           0%         9d5       100%        7


Dungeon Overview and Level Annotations

Branches:
Dungeon (3/15)

Altars:


Innate Abilities, Weirdness & Mutations

You have extremely sharp teeth.
Your natural rate of healing is unusually fast.
When hurt, damage is shared between your health and your magic reserves.
Your bite disrupts and absorbs the magic of your enemies.
Potions cannot restore your health.


Message History

The orc priest is severely wounded.
An orc wizard appears from thin air!
Reactivating autopickup.
The orc priest calls down the wrath of Beogh upon you.
Pain shoots through your body!
* * * LOW HITPOINT WARNING * * *
You hit the orc priest but do no damage.
The orc priest is severely wounded.
The orc wizard points at you and mumbles some strange words.
The puff of flame hits you.
* * * LOW HITPOINT WARNING * * *
The orc priest barely misses you.
You hit the orc priest but do no damage.
The orc priest is severely wounded.
The orc wizard hits you but does no damage.
The orc priest closely misses you.
You closely miss the orc priest.
The orc priest is severely wounded.
The orc wizard misses you. The orc priest closely misses you.
You hit the orc priest.
You bite the orc priest, but do no damage.
The orc priest is severely wounded.
The orc wizard hits you with a +0 dagger.
* * * LOW HITPOINT WARNING * * *
You hit the orc priest but do no damage.
You bite the orc priest, but do no damage.
The orc priest is severely wounded.
The orc priest closely misses you. The orc wizard misses you.
You hit the orc priest but do no damage.
The orc priest is severely wounded.
The orc priest mumbles some strange prayers to Beogh against you.
Pain shoots through your body!
* * * LOW HITPOINT WARNING * * *
The orc wizard points at you and mumbles some strange words.
You are confused.
You hit the orc priest but do no damage.
The orc priest is severely wounded.
The orc priest casts a cantrip, but nothing happens.
The orc wizard hits you with a +0 dagger.
You die...

..#....#<...#.#.# ..# #
#.#..#)####.#.#.......#
#.#.>... .#.#.≈...≈.# #
#....#. .#.#.......#
######.# #.#.......# #
#.#.......# #.#.≈...≈.#
#.#o......# #o@........
#####...### ###


You could see an orc priest and an orc wizard.

Vanquished Creatures
  3 adders
  A worm (D:2)
  A dart slug (D:1)
  4 orcs (D:3)
  A bat (D:2)
  2 endoplasms (D:2)
  5 giant cockroaches
  2 goblins (D:1)
  6 hobgoblins
  4 jackals (D:1)
  2 quokkas
  2 ball pythons
  5 frilled lizards
  2 kobolds
  2 rats (D:3)
42 creatures vanquished.

Vanquished Creatures (others)
  10 plants (D:3)
10 creatures vanquished.

Grand Total: 52 creatures vanquished

Notes
Turn   | Place    | Note
-------+----------+-------------------------------------------
     0 | D:1      | zishaf the Vine Stalker Brigand began the quest for the
                  | Orb.
     0 | D:1      | Reached XP level 1. HP: 11/11 MP: 2/2
   217 | D:1      | Reached skill level 1 in Dodging
   217 | D:1      | Reached XP level 2. HP: 14/15 MP: 3/3
   257 | D:1      | Reached skill level 5 in Stealth
   860 | D:1      | Reached XP level 3. HP: 16/18 MP: 4/4
  1127 | D:2      | Found a faded altar of an unknown god.
  2016 | D:3      | Gained mutation: Your natural rate of healing is unusually
                  | fast. [Vine Stalker growth]
  2016 | D:3      | Reached XP level 4. HP: 23/23 MP: 5/5
  2263 | D:3      | Slain by an orc wizard

Illustrated notes

Levels and vault maps discovered:
D:1:      minmay_arrival_glassed_features, layout_loops_ring, serial_forest,
          infiniplex_forest_clump_medium, infiniplex_forest_corner_1,
          infiniplex_forest_lined_3, infiniplex_forest_lined_3,
          infiniplex_forest_clump_C, infiniplex_forest_corner_1,
          infiniplex_forest_lined_2, minmay_crystal_water,
          wander_ebering_terrifying_dragon_lair
D:2:      layout_loops_ring, chequers_ecumenical_altar_simple
D:3:      cheibrodos_pilgrimage, layout_basic, roderic_three_in_a_row,
          chequers_big_river, fountainhead

Skill      XL: |  1  2 |
---------------+-------+-----
Dodging        | 1 |  1.0
Stealth        | 5 |  5.4
Throwing       | 2 |  2.5
Fighting       | 2 |  2.5
Short Blades   | 2 |  2.5

Action                   |  1- 3 |  4- 6 || total
-------------------------+-------+-------++-------
Melee: Dagger            |    77 |    48 ||   125
       Bite              |    16 |     9 ||    25
 Stab: Sleeping          |     8 |     2 ||    10
       Distracted        |     1 |       ||     1
Armor: Ring mail         |    18 |    25 ||    43
       Robe              |     2 |       ||     2
Dodge: Dodged            |    30 |    22 ||    52

Table legend: (Time is in decaauts)
 A = Elapsed time spent in this place.
 B = Non-inter-level travel time spent in this place.
 C = Inter-level travel time spent in this place.
 D = Time resting spent in this place.
 E = Time spent auto-exploring this place.
 F = Levels seen in this place.
 G = Mean time per level.
                   A        B        C        D        E       F      G
               +--------+--------+--------+--------+--------+-----+--------+
         Total |   2251 |   2159 |     92 |      0 |   1818 |   3 |  750.3 |
       Dungeon |   2251 |   2159 |     92 |      0 |   1818 |   3 |  750.3 |
               +--------+--------+--------+--------+--------+-----+--------+

Top non-repeatable levels by time:
     D:1: 1070 daAuts
     D:2: 936 daAuts
     D:3: 244 daAuts
